 Dungeon Crawl Stone Soup version 0.31-a0-232-gb1c03b2570 (webtiles) character file.

Game seed: 16958663751311001933

124 Decritt the Chopper (level 5, -2/45 HPs)
             Began as a Ghoul Gladiator on July 7, 2023.
             Slain by a gnoll
             ... wielding a +0 flail
              (6 damage)
             ... on level 4 of the Dungeon.
             The game lasted 00:06:17 (2513 turns).

Decritt the Chopper (Ghoul Gladiator)               Turns: 2513, Time: 00:06:18

Health: -2/45      AC: 10    Str: 20    XL:     5   Next: 8%
Magic:  4/4        EV:  8    Int:  3    God:
Gold:   130        SH:  0    Dex: 10    Spells: 4/4 levels left

rFire   . . .        t - +2 trident (flame)
rCold   + . .        (no shield)
rNeg    + + +        n - +0 chain mail
rPois   ∞            c - +0 helmet
rElec   .            (no cloak)
rCorr   .            (no gloves)
SInv    .            m - +0 pair of boots
Will    .....        (no amulet) Stlth
                     (no ring)
HPRegen 0.00/turn    (no ring)
MPRegen 0.09/turn

%: no passive effects
@: inhibited regen
A: claws 1, cold resistance 1, negative energy resistance 3, inhibited
regeneration, torment resistance 2, devour on kill
a: no special abilities


You were on level 4 of the Dungeon.
You visited 1 branch of the dungeon, and saw 4 of its levels.

You collected 130 gold pieces.

Inventory:

Hand Weapons
 a - a +0 war axe
 t - a +2 trident of flaming (weapon)
Missiles
 d - 3 throwing nets (quivered)
 e - a javelin
Armour
 b - a +0 leather armour
 c - a +0 helmet (worn)
 i - a +0 ring mail
 m - a +0 pair of boots (worn)
 n - a +0 chain mail (worn)
Scrolls
 f - a scroll of noise {unknown}
 h - 2 scrolls of amnesia {unknown}
 j - a scroll of teleportation {unknown}
 k - a scroll of revelation {unknown}
 o - a scroll of butterflies {unknown}
 p - a scroll of fear {unknown}
 q - a scroll of identify {unknown}
 r - 3 scrolls of blinking {unknown}
 u - a scroll of vulnerability {unknown}
Potions
 g - 3 potions of cancellation {unknown}
 l - 2 potions of might {unknown}
 s - a potion of berserk rage {unknown}
 v - a potion of heal wounds {unknown}


   Skills:
 * Level 3.5 Fighting
 * Level 3.6 Axes
 - Level 2.0 Throwing
 + Level 1.2 Armour
 + Level 3.2 Dodging


You had 4 spell levels left.
You didn't know any spells.
Your spell library contained the following spells:

 Spells                   Type           Power      Damage    Failure   Level
 Ensorcelled Hibernation  Hex/Ice        0%         N/A       100%        2
 Passwall                 Tmut/Erth      0%         N/A       100%        2
 Ozocubu's Armour         Ice            0%         N/A       100%        3
 Swiftness                Air            0%         N/A       100%        3
 Ozocubu's Refrigeration  Ice            0%         4d7       100%        7


Dungeon Overview and Level Annotations

Branches:
Dungeon (4/15)
 Temple: D:4-7

Altars:

Shops:
D:3 =


Innate Abilities, Weirdness & Mutations

You are immune to poison.
You have sharp fingernails.
Your flesh is cold resistant. (rC+)
You are immune to negative energy. (rN+++)
You do not regenerate when monsters are visible.
You are immune to unholy pain and torment.
You thrive by killing the living.


Message History

Done exploring.
(D) Dungeon
Where to? (Enter - D:3, ? - help)
You see here a +0 dagger.
There is a stone staircase leading down here.
You climb downwards.
The orc shouts!
The gnoll shouts!
You hear a shout! x2
Found 5 stones.
There is a stone staircase leading up here.
There are monsters nearby!
You puncture the orc! You burn the orc.
You kill the orc!
A gnoll comes into view. It is wielding a +0 whip.
You reach to attack!
You barely miss the gnoll.
The gnoll hits you from afar with a +0 halberd.
A gnoll comes into view. It is wielding a +0 flail.
You closely miss the orc.
The gnoll hits you from afar with a +0 halberd.
The orc hits you but does no damage.
You barely miss the orc. The gnoll closely misses you.
The orc hits you but does no damage.
You barely miss the orc. The gnoll barely misses you.
The orc barely misses you.
You completely miss the gnoll.
The gnoll hits you from afar with a +0 halberd.
The orc hits you but does no damage. The gnoll completely misses you.
The orc misses you. The gnoll closely misses you.
The gnoll hits you from afar with a +0 halberd!
The gnoll hits you with a +0 flail.
You puncture the gnoll! You burn the gnoll.
The gnoll is severely wounded.
The orc barely misses you.
The gnoll hits you but does no damage. x2
The gnoll hits you from afar with a +0 halberd.
* * * LOW HITPOINT WARNING * * *
The orc hits you with a +0 whip.
* * * LOW HITPOINT WARNING * * *
The gnoll hits you from afar with a +0 halberd!
* * * LOW HITPOINT WARNING * * *
The gnoll hits you with a +0 flail.
You die...

#######
##.....
##.....##
####.......##
........g...#
#...@og..#
##.(.g.#.#
##.......
######.## #


You could see 3 gnolls and an orc.

Vanquished Creatures
  4 adders
  A worm (D:2)
  4 dart slugs
  6 orcs
  5 endoplasms
  3 giant cockroaches
  5 goblins
  4 hobgoblins
  5 jackals
  4 kobolds
  4 quokkas
  11 ball pythons
  3 bats
  A frilled lizard (D:1)
  6 rats
66 creatures vanquished.

Notes
Turn   | Place    | Note
-------+----------+-------------------------------------------
     0 | D:1      | Decritt the Ghoul Gladiator began the quest for the Orb.
     0 | D:1      | Reached XP level 1. HP: 17/17 MP: 0/0
   127 | D:1      | Reached XP level 2. HP: 25/25 MP: 1/1
   636 | D:1      | Reached XP level 3. HP: 30/30 MP: 2/2
  1015 | D:2      | Found a faded altar of an unknown god.
  1111 | D:2      | Reached XP level 4. HP: 27/38 MP: 3/3
  1893 | D:3      | Reached skill level 1 in Armour
  1970 | D:3      | Found Tigacs's Jewellery Shoppe.
  2183 | D:3      | Reached XP level 5. HP: 45/45 MP: 4/4
  2513 | D:4      | Slain by a gnoll

Illustrated notes

Levels and vault maps discovered:
D:1:      reono_arrival_mine, layout_basic
D:2:      layout_loops_corners, shapermc_ecumenical_altar_totnotflames
D:3:      layout_basic, serial_shops, nicolae_shop_tiny_glass
D:4:      layout_loops_cross, minmay_temple_entry_mini_moons, serial_shops,
          nicolae_shop_pleasant_corner_grove

Skill      XL: |  1  2  3  4 |
---------------+-------------+-----
Throwing       | 2 |  2.0
Axes           | 3 |  3.6
Dodging        | 3 |  3.2
Fighting       | 3 |  3.5
Armour         | 1 |  1.2

Action                     |  1- 3 |  4- 6 || total
---------------------------+-------+-------++-------
  Melee: War axe           |    83 |    65 ||   148
         Trident           |       |    39 ||    39
 Armour: Leather armour    |    31 |       ||    31
         Ring mail         |     5 |     1 ||     6
         Chain mail        |       |    55 ||    55
  Dodge: Dodged            |    62 |    58 ||   120

Table legend: (Time is in decaauts)
 A = Elapsed time spent in this place.
 B = Non-inter-level travel time spent in this place.
 C = Inter-level travel time spent in this place.
 D = Time resting spent in this place.
 E = Time spent auto-exploring this place.
 F = Levels seen in this place.
 G = Mean time per level.
                   A        B        C        D        E       F      G
               +--------+--------+--------+--------+--------+-----+--------+
         Total |   2570 |   2486 |     84 |      0 |   1970 |   4 |  642.5 |
       Dungeon |   2570 |   2486 |     84 |      0 |   1970 |   4 |  642.5 |
               +--------+--------+--------+--------+--------+-----+--------+

Top non-repeatable levels by time:
     D:2: 937 daAuts
     D:1: 883 daAuts
     D:3: 741 daAuts
     D:4: 9 daAuts
